 Dungeon Sprint DCSS version 0.29-a0-813-g4a14ea37d6 (webtiles) character file.

Game seed: 14711700192992533066

370736 manyhoops the Conqueror (level 16, 133/133 HPs)
             Began as a Gargoyle Berserker on July 4, 2022.
             Was a High Priest of Trog.
             Escaped with the Orb!
             The game lasted 00:30:49 (3875 turns).

manyhoops the Conqueror (Gargoyle Berserker)        Turns: 3875, Time: 00:30:49

Health: 133/133    AC: 42    Str: 41    XL:     16   Next: 72%
Magic:  16/16      EV: 15    Int: 13    God:    Trog [*****.]
Gold:   1594       SH:  0    Dex: 10    Spells: 15/15 levels left

rFire   + + +      SeeInvis .   J - +6 great mace "Piamir" {flame, rF+++}
rCold   + . .      Faith    .   (shield currently unavailable)
rNeg    + + .      Spirit   .   W - +1 pearl dragon scales
rPois   ∞          Reflect  .   A - +0 hat {Int+3}
rElec   +          Harm     .   B - +2 cloak
rCorr   .          Rampage  .   C - +1 pair of gloves
Will    +....      NoTele   +   (no boots)
Stlth   ..........              a - amulet "Gubbyiq" {rElec rC+ Regen+ Str+2 Dex+2}
HPRegen 1.12/turn               l - ring of Neni {rPois EV+4 Str+9}
MPRegen 0.15/turn               w - +4 ring of slaying

@: flying, hasted, studying Short Blades, very quick
A: sickness immunity, AC +12, big wings, negative energy resistance 1,
electricity resistance, torment resistance 1, petrification resistance, antennae
1, iridescent scales 1, strong 1
0: Orb of Zot
a: Renounce Religion, Berserk, Trog's Hand, Brothers in Arms


You escaped.
You worshipped Trog.
Trog was extremely pleased with you.
You visited 1 branch You collected 7206 gold pieces.
You spent 5612 gold pieces at shops.

Inventory:

Hand Weapons
 j - a +2 morningstar of holy wrath
 H - a +2 eveningstar of flaming
 I - a +3 antimagic great mace
 J - the +6 great mace "Piamir" (weapon) {flame, rF+++}
   (Trog gifted it to you in the Dungeon)

   It burns those it strikes, dealing additional fire damage.
   rF:        It renders you almost immune to fire.
Armour
 A - a +0 hat of intelligence (worn)
 B - a +2 cloak (worn)
 C - a +1 pair of gloves (worn)
 W - +1 pearl dragon scales (worn)
Jewellery
 a - the amulet "Gubbyiq" (around neck) {rElec rC+ Regen+ Str+2 Dex+2}
   (You acquired it in the Dungeon)

   [amulet of regeneration]

   Str:       It affects your strength (+2).
   Dex:       It affects your dexterity (+2).
   rC:        It protects you from cold.
   rElec:     It insulates you from electricity.
   Regen:     It increases your rate of health regeneration.
 l - the ring of Neni (left hand) {rPois EV+4 Str+9}
   (You bought it in a shop in the Dungeon)

   [ring of evasion]

   EV:        It affects your evasion (+4).
   Str:       It affects your strength (+9).
   rPois:     It protects you from poison.
 q - a +6 ring of strength
 s - a ring of protection from fire
 w - a +4 ring of slaying (right hand)
 D - the ring of Fouqauriq {Fire rPois rN+ MP+9 Dex+2}
   (You found it in the Dungeon)

   [ring of fire]

   It enhances your fire magic.
   Dex:       It affects your dexterity (+2).
   rF:        It protects you from fire.
   rC:        It makes you vulnerable to cold.
   rPois:     It protects you from poison.
   rN:        It protects you from negative energy.
   MP:        It affects your magic capacity (+9).
 E - the ring "Yschoschac" {Contam Str+4 Int+6 Dex+8}
   (You found it in the Dungeon)

   [ring of intelligence]

   Str:       It affects your strength (+4).
   Int:       It affects your intelligence (+6).
   Dex:       It affects your dexterity (+8).
   Contam:    It causes magical contamination when unequipped.
 G - the ring of Grontol {rF+ rC+}
   (You found it in the Dungeon)

   [ring of protection from fire]

   rF:        It protects you from fire.
   rC:        It protects you from cold.
 M - a +6 ring of intelligence
 R - a +6 ring of dexterity
 S - the amulet of Xeruogy {Spirit rC+ Dex+2}
   (You found it in the Dungeon)

   [amulet of guardian spirit]

   It causes incoming damage to be divided between your reserves of health and
   magic.
   Dex:       It affects your dexterity (+2).
   rC:        It protects you from cold.
 V - a +4 ring of protection
Wands
 O - a wand of paralysis (11)
Scrolls
 b - 6 scrolls of magic mapping
 i - a scroll of silence
 m - a scroll of enchant weapon
 o - 2 scrolls of amnesia
 t - 6 scrolls of immolation
 u - 2 scrolls of poison
 x - a scroll of torment
 y - 4 scrolls of fog
 Q - a scroll of brand weapon
Potions
 c - 11 potions of curing
 d - 3 potions of might
 e - 16 potions of flight
 f - 5 potions of magic
 g - a potion of berserk rage
 k - a potion of ambrosia
 n - 5 potions of resistance
 p - a potion of lignification
 r - a potion of brilliance
 v - a potion of cancellation
 z - 11 potions of haste
 K - a potion of invisibility
 L - 18 potions of mutation
 P - a potion of attraction {unknown}
 U - 2 potions of heal wounds
 X - a potion of degeneration {unknown}
Miscellaneous
 h - a box of beasts
 F - a phantom mirror


   Skills:
 O Level 27 Fighting
 + Level 26.9 Maces & Flails
 + Level 22.8 Armour
 - Level 2.5 Dodging


You had 15 spell levels left.
You didn't know any spells.
Your spell library was empty.

Dungeon Overview and Level Annotations

Branches:
Dungeon (1/1)

Altars:
Cheibriados
Dithmenos
Elyvilon
Fedhas
Gozag
Hepliaklqana
Kikubaaqudgha
Makhleb
Nemelex Xobeh
Okawaru
Qazlal
Ru
Sif Muna
Trog
Uskayaw
Vehumet
Wu Jian
Xom
Yredelemnul
Zin
The Shining One
Jiyva
Lugonu

Shops:
D :=:[*(*?((!*(?[(:[*=![?!!*(=!(::


Innate Abilities, Weirdness & Mutations

You are immune to sickness and miasma.
Your stone body is resilient. (AC +12)
You are immune to poison.
Your large and strong wings let you fly.
You resist negative energy. (rN+)
You are resistant to electric shocks. (rElec)
You are resistant to unholy torment.
You are immune to petrification.
You have a pair of small antennae on your head.
You are partially covered in iridescent scales. (AC +2)
Your muscles are strong. (Str +4, Int/Dex -1)


Message History

You feel yourself speed up.
Okay, then.
You feel yourself speed up.
You see here the Orb of Zot.
You pick up the Orb of Zot!
The Orb lets out a hideous shriek!
The lords of Pandemonium are not amused.
Beware!
Now all you have to do is get back out of the dungeon!
There is an open door here.
You recover from your berserk rage.
There is an open door here.
There is an open door here.
A sun demon comes into view.
There is an open door here.
The sun demon hits you!
You are engulfed in flames.
You resist.
You bludgeon the sun demon!!
The sun demon is moderately wounded.
The sun demon barely misses you.
You crush the sun demon like a grape!!!
You kill the sun demon!
Trog accepts your kill. Trog grants you a weapon!
Something appears at your feet!
You see here a +4 dire flail of flaming.
There is a large open door, spattered with blood here.
Things that are here:
a wyvern skeleton; a death yak skeleton You see here a +2 battleaxe.
You feel as though your hastened speed will last longer.
You feel more experienced!
You have reached level 16!
You feel clever.
Really fly into a travel-excluded area? [Y]es or [N]o only, please.
Really fly into a travel-excluded area?
Blink to where?
Press: ? - help, Dir - move target
As you read the scroll of blinking, it crumbles to dust.
There is an open door here.
There is a staircase leading out of the dungeon here.
You have escaped!

##########≈≈#+++#+++#####....#.##
#########≈≈≈)........#..')...#..#
....∩.∩.#≈≈≈≈.##'##..#..####.#..#
...∩....#≈≈≈≈##.#.##.####..'.##.#
..∩.∩...#≈≈≈≈#..#..#....#..#...##
.⌠.∩....#≈≈#####.#####..#####..##
..∩.∩...#≈##.###'###.##..#..'..#.
...∩.∩..#≈#.#.##.##.).#..#..#..#.
....∩.∩.'≈'###'.@.'.#.'§.####..##
.....∩.∩#≈#.#.##.##...#....###...
▓▓▓▓▓▓###≈##.###'###.##......≈)≈≈
...######≈≈####.#.####§§..§..≈#'#
.:.#.['.##≈≈≈#..##.#≈≈§≈≈≈≈..≈#..
∩..'..#'##'#≈##..###≈≈≈≈§≈≈≈.≈#._
[))#)##.##.#≈○##+##≈≈≈§≈≈§§§≈≈#_.
...###°..####○≈≈≈≈≈≈≈≈§≈≈§≈≈≈≈#._
#'###.°○..# #''°#+++#≈≈≈≈≈§≈≈≈#..


There were no monsters in sight!

Vanquished Creatures
  Gloorx Vloq (D)
  A royal mummy (D)
  the Lernaean hydra (D)
  A curse toe (D)
  An electric golem (D)
  A hellephant (D)
  A deep elf blademaster (D)
  A deep elf master archer (D)
  3 quicksilver dragons (D)
  Murray (D)
  2 sphinxes (D)
  A draconian knight (D)
  A draconian shifter (D)
  2 lorocyprocas (D)
  A vampire knight (D)
  A fire dragon (D)
  A crystal guardian (D)
  An iron golem (D)
  A yaktaur captain (D)
  A great orb of eyes (D)
  A death yak (D)
  An iron elemental (D)
  A slime creature (D)
  2 hell hogs (D)
  A sun demon (D)
  Sonja (D)
  2 deep trolls (D)
  2 death drakes (D)
  3 sixfirhies (D)
  A glowing orange brain (D)
  A harpy (D)
  An obsidian statue (D)
  An orange crystal statue (D)
  2 orc sorcerers (D)
  An oklob plant (D)
  5 shining eyes (D)
  A merfolk siren (D)
  3 toenail golems (D)
  An eye of devastation (D)
  An elephant (D)
  2 cane toads (D)
  An ice statue (D)
  An unseen horror (D)
  A yaktaur (D)
  A kobold demonologist (D)
  5 polar bears (D)
  A hornet (D)
  A blink frog (D)
  17 flying skulls (D)
  6 wyverns (D)
  A golden eye (D)
  2 redbacks (D)
  Menkaure (D)
  3 water moccasins (D)
  2 swamp drakes (D)
  2 floating eyes (D)
  A black bear (D)
  An earth elemental (D)
  A necrophage (D)
  4 scorpions (D)
  4 lava snakes (D)
  A jelly (D)
  4 orc priests (D)
  An iron imp (D)
  3 worms (D)
  A spectral ball python (D)
  A spectral giant cockroach (D)
125 creatures vanquished.

Vanquished Creatures (collateral kills)
  A kraken (D)
  Gastronok (D)
  Kirke (D)
  A lorocyproca (D)
  Nessos (D)
  A dire elephant (D)
  An ice dragon (D)
  A centaur warrior (D)
  A skeletal warrior (D)
  An orc sorcerer (D)
  10 shining eyes (D)
  3 manticores (D)
  An unseen horror (D)
  A flying skull (D)
  A wyvern (D)
  8 floating eyes (D)
  2 black bears (D)
  An earth elemental (D)
37 creatures vanquished.

Vanquished Creatures (others)
  A water moccasin (D)
  2 ballistomycete spores (D)
  8 tentacles (D)
11 creatures vanquished.

Grand Total: 173 creatures vanquished

Notes
Turn   | Place    | Note
-------+----------+-------------------------------------------
     0 | D        | manyhoops the Gargoyle Berserker began the quest for the
                  | Orb.
     0 | D        | Reached XP level 1. HP: 14/14 MP: 1/1
     1 | D        | Noticed a scorpion
     1 | D        | Noticed a scorpion
     7 | D        | Killed a scorpion
     8 | D        | Reached skill level 6 in Fighting
     8 | D        | Reached skill level 5 in Maces & Flails
     8 | D        | Reached XP level 2. HP: 22/22 MP: 2/2
     8 | D        | Reached XP level 3. HP: 27/27 MP: 3/3
    13 | D        | Killed a scorpion
    14 | D        | Reached XP level 4. HP: 31/32 MP: 4/4
    14 | D        | Reached XP level 5. HP: 34/36 MP: 5/5
   120 | D        | Reached ** piety under Trog
   128 | D        | Reached XP level 6. HP: 41/41 MP: 6/6
   174 | D        | Noticed a merfolk siren
   195 | D        | Killed a merfolk siren
   196 | D        | Reached XP level 7. HP: 30/46 MP: 7/7
   222 | D        | Noticed a wyvern
   222 | D        | Noticed a wyvern
   229 | D        | Killed a wyvern
   229 | D        | Reached *** piety under Trog
   230 | D        | Reached skill level 8 in Fighting
   236 | D        | Killed a wyvern
   237 | D        | Reached skill level 10 in Fighting
   237 | D        | Reached XP level 8. HP: 17/57 MP: 8/8
   294 | D        | Reached **** piety under Trog
   345 | D        | Found Iluosa's Antique Armour Boutique.
   345 | D        | Found Taniduid's Distillery.
   345 | D        | Found Biciamn's Jewellery Shop.
   345 | D        | Found Junaov's Jewellery Boutique.
   346 | D        | Found Zinaevvasmi's Weapon Shop.
   346 | D        | Found Kusehu Somef's Antique Weapon Boutique.
   346 | D        | Found Gyef's Assorted Antiques.
   346 | D        | Found Uden's Book Boutique.
   346 | D        | Found Vedysh's Antique Weapon Shop.
   346 | D        | Found Doarrira's Antique Armour Boutique.
   347 | D        | Found Uqyf's Assorted Antiques.
   347 | D        | Found Buxiwkis's Distillery.
   348 | D        | Found Oramaom's Distillery.
   348 | D        | Found Udeas's Magic Scroll Shop.
   349 | D        | Noticed Menkaure
   349 | D        | Noticed an oklob plant
   350 | D        | Found Tamilid's Book Shoppe.
   361 | D        | Killed Menkaure
   369 | D        | Bought a potion of might for 48 gold pieces
   369 | D        | Bought a potion of flight for 36 gold pieces
   370 | D        | Noticed a great orb of eyes
   371 | D        | Bought a scroll of identify for 28 gold pieces
   371 | D        | Noticed a shining eye
   374 | D        | Bought a glowing morningstar for 147 gold pieces
   376 | D        | Bought a glowing chain mail for 165 gold pieces
   389 | D        | Bought a scroll of identify for 40 gold pieces
   389 | D        | Bought a scroll labelled JIEMUI LEESYSHEON for 20 gold
                  | pieces
   389 | D        | Bought a scale mail for 80 gold pieces
   389 | D        | Bought a scroll labelled WEMETH VOUGI for 20 gold pieces
   395 | D        | Bought a potion of might for 48 gold pieces
   395 | D        | Bought a potion of curing for 36 gold pieces
   577 | D        | Noticed a blink frog
   583 | D        | Killed a blink frog
   584 | D        | Reached skill level 15 in Maces & Flails
   593 | D        | Noticed an obsidian statue
   603 | D        | Found a hazy altar of Hepliaklqana.
   603 | D        | Found a snail-covered altar of Cheibriados.
   605 | D        | Found a viscous altar of Jiyva.
   605 | D        | Found a stormy altar of Qazlal.
   605 | D        | Found a shadowy altar of Dithmenos.
   606 | D        | Found a sacrificial altar of Ru.
   606 | D        | Found an ancient bone altar of Kikubaaqudgha.
   606 | D        | Found a white marble altar of Elyvilon.
   607 | D        | Found a shimmering blue altar of Sif Muna.
   607 | D        | Found an ornate altar of the Wu Jian Council.
   607 | D        | Found a corrupted altar of Lugonu.
   607 | D        | Found a blossoming altar of Fedhas.
   607 | D        | Noticed a polar bear
   621 | D        | Killed a polar bear
   665 | D        | Found a shimmering altar of Xom.
   665 | D        | Found a bloodstained altar of Trog.
   665 | D        | Found a burning altar of Makhleb.
   665 | D        | Found an opulent altar of Gozag.
   667 | D        | Found a glowing golden altar of the Shining One.
   667 | D        | Found a basalt altar of Yredelemnul.
   667 | D        | Found a hide-covered altar of Uskayaw.
   668 | D        | Found a glowing silver altar of Zin.
   668 | D        | Found a radiant altar of Vehumet.
   669 | D        | Noticed a yaktaur
   669 | D        | Noticed a hornet
   669 | D        | Noticed a polar bear
   672 | D        | Noticed a polar bear
   675 | D        | Killed a hornet
   676 | D        | Reached skill level 11 in Fighting
   682 | D        | Killed a polar bear
   683 | D        | Reached XP level 9. HP: 64/64 MP: 9/9
   685 | D        | Killed a polar bear
   689 | D        | Killed a yaktaur
   689 | D        | Reached ***** piety under Trog
   690 | D        | Reached skill level 12 in Fighting
   721 | D        | Noticed a kraken
   752 | D        | Found a sparkling altar of Nemelex Xobeh.
   753 | D        | Found an iron altar of Okawaru.
  1167 | D        | Killed a kraken
  1168 | D        | Reached skill level 13 in Fighting
  1168 | D        | Reached XP level 10. HP: 73/73 MP: 10/10
  1212 | D        | Noticed a deep troll
  1212 | D        | Noticed a deep troll
  1223 | D        | Killed a deep troll
  1233 | D        | Killed a deep troll
  1234 | D        | Reached skill level 14 in Fighting
  1258 | D        | Noticed a sphinx
  1258 | D        | Noticed a sphinx
  1267 | D        | Killed a sphinx
  1274 | D        | Killed a sphinx
  1275 | D        | Reached XP level 11. HP: 47/80 MP: 11/11
  1339 | D        | Noticed a sixfirhy
  1352 | D        | Noticed a sixfirhy
  1355 | D        | Noticed a sixfirhy
  1362 | D        | Found Zukof's Book Shoppe.
  1363 | D        | Found Veicaces's Book Boutique.
  1363 | D        | Identified the +6 rapier of Ancient Evil {freeze, rF+ Will+
                  | Str-4}
  1392 | D        | Killed a sixfirhy
  1396 | D        | Killed a sixfirhy
  1400 | D        | Killed a sixfirhy
  1410 | D        | Noticed Gastronok
  1414 | D        | Killed Gastronok
  1415 | D        | Reached skill level 15 in Fighting
  1618 | D        | Noticed a dire elephant
  1618 | D        | Noticed an orc sorcerer
  1618 | D        | Noticed an orc sorcerer
  1618 | D        | Noticed an orc sorcerer
  1626 | D        | Killed a dire elephant
  1628 | D        | Killed an orc sorcerer
  1639 | D        | Killed an orc sorcerer
  1642 | D        | Killed an orc sorcerer
  1643 | D        | Reached skill level 16 in Fighting
  1661 | D        | Identified the ring of Fouqauriq {Fire rPois rN+ MP+9
                  | Dex+2}
  1665 | D        | Identified the ring "Yschoschac" {Contam Str+4 Int+6 Dex+8}
  1682 | D        | Identified the +3 hand axe "Esiwery" {freeze, rElec rC-
                  | rCorr Dex+4}
  1692 | D        | Identified the ring of Grontol {rF+ rC+}
  1901 | D        | Received a gift from Trog
  1922 | D        | Reached XP level 12. HP: 67/90 MP: 12/12
  1928 | D        | Received a gift from Trog
  1929 | D        | Reached skill level 17 in Fighting
  1978 | D        | Noticed a deep elf blademaster
  1992 | D        | Killed a deep elf blademaster
  1993 | D        | Reached skill level 18 in Fighting
  1995 | D        | Reached ****** piety under Trog
  1998 | D        | Identified the +6 great mace "Piamir" {flame, rF+++} (Trog
                  | gifted it to you in the Dungeon)
  1998 | D        | Received a gift from Trog
  2082 | D        | Noticed Sonja
  2083 | D        | Noticed a hellephant
  2084 | D        | Noticed a purple draconian shifter
  2092 | D        | Killed Sonja
  2093 | D        | Reached skill level 19 in Fighting
  2111 | D        | Killed a hellephant
  2112 | D        | Reached skill level 20 in Fighting
  2121 | D        | Killed a purple draconian shifter
  2121 | D        | Received a gift from Trog
  2213 | D        | Gained mutation: You are weak. (Str -2) [a shining eye]
  2213 | D        | Gained mutation: You sometimes lose your temper in combat.
                  | [a shining eye]
  2214 | D        | Paralysed by a floating eye for 2 turns
  2215 | D        | Gained mutation: You have hidden genetic defects. [a
                  | shining eye]
  2217 | D        | Reached skill level 21 in Fighting
  2220 | D        | Gained mutation: You are very weak. (Str -4) [a shining
                  | eye]
  2223 | D        | Reached skill level 22 in Fighting
  2223 | D        | Gained mutation: You are dopey. (Int -2) [a shining eye]
  2224 | D        | Paralysed by a floating eye for 2 turns
  2225 | D        | Reached XP level 13. HP: 106/106 MP: 13/13
  2225 | D        | Received a gift from Trog
  2225 | D        | Gained mutation: You are clumsy. (Dex -2) [a shining eye]
  2227 | D        | Reached skill level 23 in Fighting
  2229 | D        | Received a gift from Trog
  2237 | D        | Gained mutation: Your magical capacity is low. (-10% MP)
                  | [hidden defects]
  2267 | D        | Lost mutation: You have hidden genetic defects. [potion of
                  | mutation]
  2267 | D        | Lost mutation: You sometimes lose your temper in combat.
                  | [potion of mutation]
  2267 | D        | Gained mutation: You have a pair of small horns on your
                  | head. [potion of mutation]
  2267 | D        | Lost mutation: You are very weak. (Str -4) [potion of
                  | mutation]
  2268 | D        | Lost mutation: You are clumsy. (Dex -2) [potion of
                  | mutation]
  2268 | D        | Lost mutation: You have a pair of small horns on your head.
                  | [potion of mutation]
  2268 | D        | Lost mutation: You are dopey. (Int -2) [potion of mutation]
  2269 | D        | Reached skill level 15 in Armour
  2269 | D        | Gained mutation: Your large and strong wings let you fly.
                  | [Gargoyle growth]
  2269 | D        | Reached XP level 14. HP: 114/114 MP: 12/12
  2270 | D        | Identified 2 scrolls of acquirement
  2271 | D        | Acquired 476 gold pieces
  2275 | D        | Acquired the amulet "Gubbyiq" {rElec rC+ Regen+ Str+2
                  | Dex+2}
  2286 | D        | Noticed a quicksilver dragon
  2291 | D        | Killed a quicksilver dragon
  2294 | D        | Killed a lorocyproca
  2369 | D        | Noticed a quicksilver dragon
  2369 | D        | Noticed a quicksilver dragon
  2374 | D        | Killed a quicksilver dragon
  2375 | D        | Killed a quicksilver dragon
  2389 | D        | Killed a lorocyproca
  2389 | D        | Received a gift from Trog
  2392 | D        | Killed a lorocyproca
  2547 | D        | Gained mutation: You occasionally lose the ability to drink
                  | potions when taking damage. [mutagenic glow]
  2562 | D        | Gained mutation: You are very weak. (Str -4) [mutagenic
                  | glow]
  2579 | D        | Gained mutation: You are covered in fur. (AC +1) [mutagenic
                  | glow]
  2590 | D        | Gained mutation: Armour fits poorly on your strangely
                  | shaped body. [mutagenic glow]
  2604 | D        | Lost mutation: Armour fits poorly on your strangely shaped
                  | body. [potion of mutation]
  2604 | D        | Lost mutation: You occasionally lose the ability to drink
                  | potions when taking damage. [potion of mutation]
  2604 | D        | Gained mutation: You passively map a small area around you.
                  | [potion of mutation]
  2604 | D        | Gained mutation: Your flesh is heat resistant. (rF+)
                  | [potion of mutation]
  2604 | D        | Gained mutation: You are agile. (Dex +4, Str/Int -1)
                  | [potion of mutation]
  2605 | D        | Lost mutation: Your flesh is heat resistant. (rF+) [potion
                  | of mutation]
  2605 | D        | Lost mutation: You are very weak. (Str -4) [potion of
                  | mutation]
  2605 | D        | Gained mutation: Your spells are a little easier to cast,
                  | but a little less powerful. [potion of mutation]
  2605 | D        | Gained mutation: You have large cloven feet. [potion of
                  | mutation]
  2606 | D        | Lost mutation: Your spells are a little easier to cast, but
                  | a little less powerful. [potion of mutation]
  2606 | D        | Lost mutation: Your magical capacity is low. (-10% MP)
                  | [potion of mutation]
  2606 | D        | Lost mutation: You passively map a small area around you.
                  | [potion of mutation]
  2606 | D        | Gained mutation: You possess an exceptional clarity of
                  | mind. [potion of mutation]
  2607 | D        | Lost mutation: You possess an exceptional clarity of mind.
                  | [potion of mutation]
  2607 | D        | Lost mutation: You have large cloven feet. [potion of
                  | mutation]
  2607 | D        | Gained mutation: Your flesh is cold resistant. (rC+)
                  | [potion of mutation]
  2607 | D        | Gained mutation: You occasionally lose the ability to drink
                  | potions when taking damage. [potion of mutation]
  2607 | D        | Gained mutation: You have hidden genetic potential. [potion
                  | of mutation]
  2607 | D        | Gained mutation: You are partially covered in large bone
                  | plates. (SH +4) [potion of mutation]
  2608 | D        | Lost mutation: You have hidden genetic potential. [potion
                  | of mutation]
  2608 | D        | Lost mutation: You are covered in fur. (AC +1) [potion of
                  | mutation]
  2608 | D        | Gained mutation: Your flesh is heat resistant. (rF+)
                  | [potion of mutation]
  2609 | D        | Lost mutation: You are partially covered in large bone
                  | plates. (SH +4) [potion of mutation]
  2609 | D        | Lost mutation: You occasionally lose the ability to drink
                  | potions when taking damage. [potion of mutation]
  2609 | D        | Lost mutation: Your flesh is cold resistant. (rC+) [potion
                  | of mutation]
  2609 | D        | Gained mutation: Potions are less effective at restoring
                  | your health. [potion of mutation]
  2610 | D        | Lost mutation: Potions are less effective at restoring your
                  | health. [potion of mutation]
  2610 | D        | Lost mutation: You are weak. (Str -2) [potion of mutation]
  2610 | D        | Gained mutation: Your muscles are strong. (Str +4, Int/Dex
                  | -1) [potion of mutation]
  2610 | D        | Gained mutation: Your body sometimes deteriorates upon
                  | taking damage. [potion of mutation]
  2611 | D        | Lost mutation: You are agile. (Dex +4, Str/Int -1) [potion
                  | of mutation]
  2611 | D        | Lost mutation: Your muscles are strong. (Str +4, Int/Dex
                  | -1) [potion of mutation]
  2611 | D        | Gained mutation: Armour fits poorly on your strangely
                  | shaped body. [potion of mutation]
  2611 | D        | Gained mutation: You are frail. (-10% HP) [potion of
                  | mutation]
  2611 | D        | Gained mutation: Your spells are a little harder to cast,
                  | but a little more powerful. [potion of mutation]
  2612 | D        | Lost mutation: Your body sometimes deteriorates upon taking
                  | damage. [potion of mutation]
  2612 | D        | Lost mutation: Armour fits poorly on your strangely shaped
                  | body. [potion of mutation]
  2612 | D        | Lost mutation: Your spells are a little harder to cast, but
                  | a little more powerful. [potion of mutation]
  2612 | D        | Gained mutation: You are somewhat resistant to further
                  | mutation. [potion of mutation]
  2613 | D        | Lost mutation: You are somewhat resistant to further
                  | mutation. [potion of mutation]
  2613 | D        | Lost mutation: Your flesh is heat resistant. (rF+) [potion
                  | of mutation]
  2613 | D        | Lost mutation: You are frail. (-10% HP) [potion of
                  | mutation]
  2613 | D        | Gained mutation: You possess an exceptional clarity of
                  | mind. [potion of mutation]
  2613 | D        | Gained mutation: You have hidden genetic potential. [potion
                  | of mutation]
  2616 | D        | Noticed Kirke
  2630 | D        | Killed Kirke
  2635 | D        | Received a gift from Trog
  2662 | D        | Received a gift from Trog
  2698 | D        | Found Pibolurr's Book Emporium.
  2698 | D        | Found Jokunguu's General Store.
  2698 | D        | Found Pontegy's Jewellery Shop.
  2698 | D        | Found Ilum's Antique Weapon Shoppe.
  2698 | D        | Found Fehi's Weapon Boutique.
  2699 | D        | Found Quin's Weapon Shoppe.
  2699 | D        | Found Qiym's Antique Weapon Boutique.
  2699 | D        | Found Xato's Armour Emporium.
  2699 | D        | Found Feosouzo's Distillery.
  2699 | D        | Found Beakhaegg's Magic Scroll Emporium.
  2699 | D        | Found Baoskaz's Assorted Antiques.
  2699 | D        | Found Barphaif's Distillery.
  2703 | D        | Bought a scroll of identify for 26 gold pieces
  2708 | D        | Bought a scroll of fog for 26 gold pieces
  2708 | D        | Bought a scroll of immolation for 45 gold pieces
  2708 | D        | Bought a scroll of blinking for 97 gold pieces
  2710 | D        | Bought a helmet for 94 gold pieces
  2710 | D        | Bought a clear potion for 18 gold pieces
  2710 | D        | Bought a scroll labelled DIKHUE UNGEUS for 21 gold pieces
  2710 | D        | Bought a scroll of blinking for 157 gold pieces
  2713 | D        | Bought a potion of curing for 39 gold pieces
  2713 | D        | Bought a potion of curing for 39 gold pieces
  2713 | D        | Bought a potion of ambrosia for 104 gold pieces
  2714 | D        | Bought a potion of haste for 140 gold pieces
  2714 | D        | Bought a potion of resistance for 140 gold pieces
  2714 | D        | Bought a potion of haste for 140 gold pieces
  2785 | D        | Noticed a black draconian knight
  2788 | D        | Reached skill level 24 in Fighting
  2790 | D        | Noticed the 27-headed Lernaean hydra
  2805 | D        | Lost mutation: You possess an exceptional clarity of mind.
                  | [a shining eye]
  2816 | D        | Lost mutation: You have hidden genetic potential. [potion
                  | of mutation]
  2816 | D        | Gained mutation: Your muscles are strong. (Str +4, Int/Dex
                  | -1) [potion of mutation]
  2816 | D        | Gained mutation: You are partially covered in iridescent
                  | scales. (AC +2) [potion of mutation]
  2816 | D        | Gained mutation: You have a pair of small antennae on your
                  | head. [potion of mutation]
  2823 | D        | Received a gift from Trog
  2857 | D        | Killed a black draconian knight
  2858 | D        | Identified the amulet of Xeruogy {Spirit rC+ Dex+2}
  2866 | D        | Received a gift from Trog
  2897 | D        | Killed the 27-headed Lernaean hydra
  2898 | D        | Reached skill level 25 in Fighting
  2905 | D        | Found Vuneng's General Store.
  2914 | D        | Bought a scroll of blinking for 75 gold pieces
  2914 | D        | Bought a potion of resistance for 100 gold pieces
  2914 | D        | Bought a potion of heal wounds for 50 gold pieces
  2914 | D        | Bought a scroll of identify for 20 gold pieces
  2914 | D        | Bought a potion of heal wounds for 50 gold pieces
  2930 | D        | Identified the +2 chain mail "Wusoz" {rPois rC- Dex+7}
  3067 | D        | Found Dorai's Magic Scroll Shoppe.
  3068 | D        | Found Wanem's Antique Armour Shop.
  3074 | D        | Noticed Nessos
  3086 | D        | Killed Nessos
  3096 | D        | Bought a scroll of identify for 20 gold pieces
  3096 | D        | Bought a scroll of immolation for 35 gold pieces
  3096 | D        | Bought a scroll of magic mapping for 35 gold pieces
  3096 | D        | Bought a scroll of identify for 20 gold pieces
  3195 | D        | Bought 3 scrolls of fog for 84 gold pieces
  3195 | D        | Bought 3 scrolls of enchant armour for 315 gold pieces
  3195 | D        | Acquired 581 gold pieces
  3201 | D        | Bought a scroll of identify for 40 gold pieces
  3206 | D        | Bought a potion of curing for 39 gold pieces
  3206 | D        | Bought a potion of heal wounds for 65 gold pieces
  3206 | D        | Bought a potion of curing for 39 gold pieces
  3207 | D        | Bought glowing pearl dragon scales for 2144 gold pieces
  3221 | D        | Bought the ring of Neni {rPois EV+4 Str+9} for 727 gold
                  | pieces
  3271 | D        | Reached XP level 15. HP: 124/124 MP: 15/15
  3327 | D        | Noticed a deep elf master archer
  3334 | D        | Reached skill level 26 in Fighting
  3337 | D        | Received a gift from Trog
  3355 | D        | Killed a deep elf master archer
  3412 | D        | Received a gift from Trog
  3417 | D        | Reached skill level 27 in Fighting
  3447 | D        | Noticed an electric golem
  3452 | D        | Killed an electric golem
  3531 | D        | Identified the +4 scale mail of Baldness {Contam rF+ Regen+
                  | Slay+5}
  3533 | D        | Identified the +8 mace "Ivaam" {vorpal, rC+ Int+4 Dex-5}
  3545 | D        | Noticed a curse toe
  3545 | D        | Noticed Gloorx Vloq
  3545 | D        | Noticed a royal mummy
  3560 | D        | Noticed an Executioner
  3560 | D        | Noticed an Executioner
  3560 | D        | Noticed an Executioner
  3583 | D        | Killed Gloorx Vloq
  3650 | D        | Killed a royal mummy
  3707 | D        | Killed a curse toe
  3778 | D        | Noticed Murray
  3791 | D        | Killed Murray
  3827 | D        | Got the Orb of Zot
  3846 | D        | Received a gift from Trog
  3863 | D        | Reached XP level 16. HP: 132/133 MP: 16/16
  3875 | D        | Escaped with the Orb!

Illustrated notes

Levels and vault maps discovered:
D:        the_violet_keep_of_menkaure [sprint2_stairs_cluster_1,
          sprint2_shoproom, sprint2_temple, sprint2_basic_supplies,
          sprint2_obstacle_3, sprint2_obstacle_5, sprint2_obstacle_4,
          sprint2_obstacle_2, sprint2_obstacle_1, sprint2_timed_cluster_1,
          sprint2_smallroom_cluster_1, sprint2_smallroom_final_cluster_1,
          sprint2_transparent_cluster_1, sprint2_second_timed_cluster_1,
          sprint2_sniper_area_1, sprint2_heavy_combat_area_1,
          sprint2_mutation_trap_area_1, sprint2_forest_area_1,
          sprint2_light_combat_area_1, sprint2_behind_water_1,
          sprint2_near_end_vault_1]

Skill      XL: |  1  2  3  4  5  6  7  8  9 10 11 12 13 14 15 |
---------------+----------------------------------------------+-----
Fighting       | 6 10 11 13 14 16 22 23 25 27 | 27.0
Maces & Flails | 5 8 11 14 16 19 20 21 22 23 26 | 26.9
Armour         | 3 11 14 15 21 22 | 22.8
Dodging        | 2 |  2.5

Action                   |  1- 3 |  4- 6 |  7- 9 | 10-12 | 13-15 | 16-18 || total
-------------------------+-------+-------+-------+-------+-------+-------++-------
Melee: Mace              |    11 |    25 |    26 |       |       |       ||    62
       Punch             |       |       |     2 |       |       |       ||     2
       Morningstar       |       |       |    40 |    94 |       |       ||   134
       Great mace        |       |       |       |    41 |   185 |       ||   226
       Eveningstar       |       |       |       |    35 |       |       ||    35
Invok: Berserk           |     1 |     1 |     6 |     8 |     4 |       ||    20
       Trog's Hand       |       |       |     3 |     4 |     6 |       ||    13
       Brothers in Arms  |       |       |     1 |     9 |    13 |       ||    23
  Use: Potion            |       |     2 |     1 |     1 |    23 |       ||    27
       Scroll            |       |       |     6 |     1 |    14 |     1 ||    22
 Stab: Distracted        |       |       |       |       |     4 |       ||     4
Armor: Animal skin       |       |     2 |     2 |       |       |       ||     4
       Chain mail        |       |       |    25 |    92 |     6 |       ||   123
       Quicksilver drago |       |       |       |       |    64 |       ||    64
       Pearl dragon scal |       |       |       |       |    54 |       ||    54
Dodge: Dodged            |     5 |     3 |    20 |    45 |    75 |       ||   148

Table legend: (Time is in decaauts)
 A = Elapsed time spent in this place.
 B = Non-inter-level travel time spent in this place.
 C = Inter-level travel time spent in this place.
 D = Time resting spent in this place.
 E = Time spent auto-exploring this place.
 F = Levels seen in this place.
 G = Mean time per level.
                   A        B        C        D        E       F      G
               +--------+--------+--------+--------+--------+-----+--------+
         Total |   3911 |   3855 |     56 |   1406 |    190 |   1 | 3911.0 |
       Dungeon |   3911 |   3855 |     56 |   1406 |    190 |   1 | 3911.0 |
               +--------+--------+--------+--------+--------+-----+--------+

Top non-repeatable levels by time:
       D: 3911 daAuts
